 Dungeon Crawl Stone Soup version 0.27-a0-522-g46bbb28828 (webtiles) character file.

Game seed: 10535363990990420661

98 jasper the Insei (level 4, -2/30 (34) HPs)
             Began as a Demonspawn Warper on Mar 4, 2021.
             Was a Follower of Qazlal.
             Slain by a gnoll
             ... wielding a +0 spear of chaos
              (3 damage)
             ... on level 3 of the Dungeon.
             The game lasted 00:04:40 (3778 turns).

jasper the Insei (Demonspawn Warper)                Turns: 3778, Time: 00:04:40

HP:   -2/30 (34)    AC:  6    Str: 12    XL:     4   Next: 44%
MP:   7/7           EV: 12    Int: 15    God:    Qazlal [*.....]
Gold: 146           SH:  6    Dex: 12    Spells: 5/7 levels left

rFire    . . .     SeeInvis .     - Unarmed
rCold    . . .     Faith    .   (no shield)
rNeg     . . .     Spirit   .   r - +3 leather armour
rPois    .         Reflect  .   (no helmet)
rElec    .         Harm     .   (no cloak)
rCorr    +         Rampage  .   (no gloves)
Will     .....                  (no boots)
Stlth    +.........             (no amulet)
HPRegen  0.10/turn              g - ring of resist corrosion
MPRegen  0.10/turn              (no ring)

@: hasted, heavily drained, very quick
A: large bone plates 1, demonic guardian 1
a: Renounce Religion


You were on level 3 of the Dungeon.
You worshipped Qazlal.
Qazlal was aware of your devotion.
You visited 1 branch of the dungeon, and saw 3 of its levels.

You collected 146 gold pieces.

Inventory:

Missiles
 d - 5 boomerangs of dispersal
 e - 47 arrows
 h - 16 bolts
 i - 123 stones
 n - 27 poisoned darts (quivered)
Armour
 a - a +0 leather armour
 j - a +0 scale mail
 r - a +3 leather armour (worn)
Jewellery
 g - a ring of resist corrosion (left hand)
Scrolls
 c - a scroll of blinking
 f - 3 scrolls of identify {unknown}
 p - a scroll of enchant armour {unknown}
 q - a scroll of magic mapping {unknown}
Potions
 b - a potion of curing {unknown}
 k - a potion of ambrosia
 l - a potion of resistance {unknown}
 m - a potion of heal wounds {unknown}
 o - a potion of brilliance {unknown}
 s - a potion of attraction {unknown}


   Skills:
 + Level 2.7 Fighting
 - Level 0.8 Throwing
 + Level 1.8 Armour
 + Level 2.4 Dodging
 * Level 3.0 Unarmed Combat
 - Level 2.0 Spellcasting
 - Level 2.6 Translocations


You had 5 spell levels left.
You knew the following spells:

 Your Spells              Type           Power        Failure   Level
a - Blink                 Tloc           N/A          14%         2

Your spell library contained the following spells:

 Spells                   Type           Power        Failure   Level
 Gell's Gravitas          Tloc           4%           28%         3
 Lesser Beckoning         Tloc           4%           28%         3
 Teleport Other           Tloc           9%           28%         3
 Manifold Assault         Tloc           9%           67%         4


Dungeon Overview and Level Annotations

Branches:
Dungeon (3/15)

Altars:
Qazlal


Innate Abilities, Weirdness & Mutations

You are partially covered in large bone plates. (SH +4)
A weak demonic guardian rushes to your aid.


Message History

A gnoll comes into view. It is wielding a +0 spear of chaos.
Found 15 gold pieces and a fuming purple potion.
You block the gnoll's attack.
You completely miss the gnoll. You block the gnoll's attack.
You barely miss the gnoll. The gnoll closely misses you.
The gnoll hits you but does no damage.
You feel yourself speed up.
You hit the gnoll but do no damage. You closely miss the gnoll.
The gnoll closely misses you. x2
The gnoll hits you from afar with a +0 spear of chaos.
The gnoll burns you.
You take 4 damage, and have 30/34 hp.
You barely miss the gnoll.
You aren't carrying any items that you can evoke.
Okay, then.
You hit the gnoll.
The gnoll is moderately wounded.
The gnoll hits you with a +0 spear of chaos.
The gnoll burns you.
The gnoll hits you from afar with a +2 spear of chaos!
You block the gnoll's attack.
You take 10 damage, and have 20/34 hp.
MASSIVE DAMAGE!!
You hit the gnoll.
The gnoll is severely wounded.
The gnoll barely misses you. x3
You closely miss the gnoll.
The gnoll is severely wounded.
You barely miss the gnoll.
The gnoll is severely wounded.
The gnoll hits you from afar with a +2 spear of chaos.
A demonic guardian appears!
You feel drained.
The gnoll hits you with a +0 spear of chaos.
* * * LOW HITPOINT WARNING * * *
The gnoll burns you.
* * * LOW HITPOINT WARNING * * *
The gnoll closely misses you.
You take 13 damage, and have 7/32 hp.
MASSIVE DAMAGE!!
The gnoll hits you from afar with a +0 spear of chaos!
* * * LOW HITPOINT WARNING * * *
You feel drained.
You die...

# #.##..# #.#.#
###. ##.##.##. ≈
#...#
.....##....###. .
≈ ##..#
...........###
.##≈≈ #..#
#######..###..#^.
≈. #..#
#........#≈#≈.≈#!
#..#
#.###.##.#≈.#...$
#..# #.##.#..≈.#
#..# #.##.@≈#g#
#.†# #.####..#
#..# #.#
#⌠gg≈#... #..#
#^# #5....#..
#..## ###
##⌠##...# #...##
##.≈#.≈ ##...# ≈#
≈ #.#.# # #....
###.#


You could see 2 gnolls and a friendly iron imp (summoned).

Vanquished Creatures
  3 adders
  4 dart slugs
  An orc (D:3)
  9 bats
  A giant cockroach (D:1)
  7 goblins
  8 hobgoblins
  4 quokkas
  2 ball pythons
  4 frilled lizards
  4 kobolds
  7 rats
54 creatures vanquished.

Vanquished Creatures (collateral kills)
  An adder (D:2)
  A worm (D:2)
  A bat (D:2)
3 creatures vanquished.

Grand Total: 57 creatures vanquished

Notes
Turn   | Place    | Note
-------+----------+-------------------------------------------
     0 | D:1      | jasper the Demonspawn Warper began the quest for the Orb.
     0 | D:1      | Reached XP level 1. HP: 16/16 MP: 3/3
   284 | D:1      | Reached skill level 1 in Armour
   399 | D:1      | Reached skill level 2 in Unarmed Combat
   430 | D:1      | Gained mutation: A weak demonic guardian rushes to your
                  | aid. [demonic ancestry]
   430 | D:1      | Reached XP level 2. HP: 15/22 MP: 5/5
   433 | D:1      | Learned a level 2 spell: Blink
  1735 | D:2      | Gained mutation: You are partially covered in large bone
                  | plates. (SH +4) [demonic ancestry]
  1735 | D:2      | Reached XP level 3. HP: 12/28 MP: 6/6
  2175 | D:2      | Found a faded altar of an unknown god.
  2276 | D:2      | Became a worshipper of Qazlal Stormbringer
  2276 | D:2      | Reached * piety under Qazlal
  3048 | D:2      | Reached XP level 4. HP: 28/34 MP: 7/7
  3518 | D:3      | Reached skill level 3 in Unarmed Combat
  3778 | D:3      | HP: 1/32 [gnoll/+0 spear of chaos (7)]
  3778 | D:3      | Slain by a gnoll

Illustrated notes

Levels and vault maps discovered:
D:1:      minmay_arrival_hallway, layout_basic
D:2:      layout_rooms, chequers_ecumenical_altar_twisty, serial_curves,
          eino_curves_04, eino_curves_02, grunt_decor_junction
D:3:      corexii_shack_village, layout_loops_ring, tgw_xom

Skill      XL: |  1  2  3  4 |
---------------+-------------+-----
Armour         | 1 |  1.8
Unarmed Combat | 2 3 |  3.0
Dodging        | 2 |  2.4
Fighting       | |  2.7
Throwing       | |  0.8
Spellcasting   | |  2.0
Translocations | |  2.6

Action                   |  1- 3 |  4- 6 || total
-------------------------+-------+-------++-------
Melee: Unarmed           |   229 |    96 ||   325
       Punch             |     2 |     2 ||     4
Throw: Dart              |    27 |       ||    27
       Stone             |     6 |       ||     6
  Use: Potion            |       |     2 ||     2
Armor: Leather armour    |    75 |    30 ||   105
Dodge: Dodged            |   147 |    59 ||   206
Block: Other             |    15 |    25 ||    40

Table legend: (Time is in decaauts)
 A = Elapsed time spent in this place.
 B = Non-inter-level travel time spent in this place.
 C = Inter-level travel time spent in this place.
 D = Time resting spent in this place.
 E = Time spent auto-exploring this place.
 F = Levels seen in this place.
 G = Mean time per level.
                   A        B        C        D        E       F      G
               +--------+--------+--------+--------+--------+-----+--------+
         Total |   3757 |   3603 |    154 |    669 |   2289 |   3 | 1252.3 |
       Dungeon |   3757 |   3603 |    154 |    669 |   2289 |   3 | 1252.3 |
               +--------+--------+--------+--------+--------+-----+--------+

Top non-repeatable levels by time:
     D:2: 1714 daAuts
     D:1: 1537 daAuts
     D:3: 505 daAuts
